[ AOE2 MATCH · #505144272 ]
UnrankedBritons vs Mongols
Player's team · WIN
Rival team · LOSS
[ REPLAY ANALYSIS · EXTRACTED FROM THE RECORDED GAME ]
Feudal
—
Castle
—
Imperial
—
| APM avg | 121.6 |
| APM peak | 183 |
| eAPM avg | 54.8 |
| Villagers / military | 22 / 2 |
Focus
⚔️ 82.0% · 🌾 18.0%
Militia ×2
Feudal
—
Castle
—
Imperial
—
| APM avg | 50.4 |
| APM peak | 75 |
| eAPM avg | 18.5 |
| Villagers / military | 23 / 3 |
Focus
⚔️ 31.2% · 🌾 68.8%
Militia ×3
Match map
Initial resources + every placement click. Lines = walls · curves = elevation contours. ◆ gold · ⬟ stone · ● berries · ✦ relic · ◌ wall gap
Your base
WhiteForest's base
Smoothed initial terrain · ◌ = detected wall gap · hover for details
Inputs per minute
— XEVER | Rivux - - WhiteForest
Build order — XEVER | Rivux
41 actions detected in the replay
| 0:01 | Create | Villager (Male) |
| 0:01 | Create | Villager (Male) |
| 0:02 | Create | Villager (Male) |
| 0:02 | Create | Villager (Male) |
| 0:02 | Create | Villager (Male) |
| 0:03 | Build | House |
| 0:04 | Build | House |
| 1:19 | Create | Villager (Male) |
| 1:19 | Create | Villager (Male) |
| 1:32 | Build | Lumber Camp |
| 1:46 | Create | Villager (Male) |
| 1:47 | Create | Villager (Male) |
| 2:08 | Create | Villager (Male) |
| 2:09 | Create | Villager (Male) |
| 2:32 | Create | Villager (Male) |
| 2:32 | Create | Villager (Male) |
| 3:01 | Create | Villager (Male) |
| 3:12 | Build | House |
| 3:37 | Create | Villager (Male) |
| 4:17 | Create | Villager (Male) |
| 4:21 | Build | Barracks |
| 4:32 | Create | Villager (Male) |
| 4:59 | Build | House |
| 5:02 | Create | Villager (Male) |
| 5:19 | Create | Militia |
| 5:22 | Create | Villager (Male) |
| 5:40 | Create | Villager (Male) |
| 5:47 | Create | Militia |
| 5:58 | Build | Mill |
| 6:19 | Research | Loom |
| 6:29 | Create | Villager (Male) |
| 6:35 | Build | Palisade Wall |
| 6:57 | Create | Villager (Male) |
| 7:06 | Build | Palisade Wall |
| 7:11 | Build | Palisade Wall |
| 7:56 | Build | House |
| 7:58 | Build | House |
| 8:18 | Research | Feudal Age |
| 8:30 | Build | Palisade Wall |
| 8:31 | Build | Palisade Wall |
| 8:32 | Build | Palisade Wall |
Build order — WhiteForest
34 actions detected in the replay
| 0:00 | Create | Villager (Male) ×4 |
| 0:02 | Build | House |
| 0:02 | Build | House |
| 1:22 | Create | Villager (Male) |
| 1:50 | Build | Lumber Camp |
| 1:56 | Create | Villager (Male) |
| 2:00 | Create | Villager (Male) |
| 2:16 | Create | Villager (Male) |
| 2:17 | Create | Villager (Male) |
| 2:40 | Create | Villager (Male) |
| 3:05 | Create | Villager (Male) |
| 3:30 | Create | Villager (Male) |
| 3:52 | Create | Villager (Male) |
| 3:53 | Build | House |
| 4:02 | Create | Villager (Male) |
| 4:28 | Build | Barracks |
| 4:39 | Create | Villager (Male) |
| 4:40 | Create | Villager (Male) |
| 4:40 | Create | Villager (Male) |
| 4:49 | Build | House |
| 5:19 | Create | Villager (Male) |
| 5:29 | Create | Militia |
| 5:36 | Build | House |
| 5:46 | Create | Villager (Male) |
| 5:49 | Create | Militia |
| 6:16 | Create | Militia |
| 6:31 | Build | Mill |
| 7:01 | Create | Villager (Male) |
| 7:23 | Create | Villager (Male) |
| 7:47 | Research | Loom |
| 8:00 | Build | Palisade Wall |
| 8:02 | Build | Palisade Wall |
| 8:15 | Create | Villager (Male) |
| 8:30 | Create | Villager (Male) |
Match timeline
| 4:21 | XEVER | Rivux · first_building Barracks |
| 4:28 | WhiteForest · first_building Barracks |
| 6:35 | XEVER | Rivux · wall_segment Palisade Wall x12 |
| 7:06 | XEVER | Rivux · wall_segment Palisade Wall x9 |
| 7:11 | XEVER | Rivux · wall_segment Palisade Wall x5 |
| 8:00 | WhiteForest · wall_segment Palisade Wall x1 |
| 8:02 | WhiteForest · wall_segment Palisade Wall x1 |
| 8:30 | XEVER | Rivux · wall_segment Palisade Wall x1 |
| 8:31 | XEVER | Rivux · wall_segment Palisade Wall x1 |
| 8:32 | XEVER | Rivux · wall_segment Palisade Wall x1 |
| 8:49 | WhiteForest · resign |
[ AI ANALYSIS · 1 CREDIT ]
What really happened in this match?
Wolo.gg analyzes every decision: build order, eco, micro, common mistakes by bracket. Personalized analysis on WhatsApp or Discord in 30 seconds.
Civ guide
Britons
Perfil
Jugador #3035292